[Event "Titled Tuesday Blitz December 27 Early 2022"]
[White "Slade, Theodore"]
[Black "Ayushh, Ravikumar"]
[WhiteFideId "426547"]
[BlackFideId "35039482"]
[WhiteElo "1995"]
[BlackElo "2032"]
[Result "1-0"]
[Round "08"]
[TimeControl "180+2"]
[Date "2022.12.27"]
[WhiteClock "0:01:23"]
[BlackClock "0:01:03"]

1. d4 Nf6 2. c4 g6 3. Nc3 Bg7 4. e4 O-O 5. Nf3 d6 6. Be2 e5 7. Be3 Nc6 8. d5 Ne7 9. Nd2 Nd7 10. f3 f5 11. b4 f4 12. Bf2 a5 13. bxa5 Rxa5 14. Nb3 Ra8 15. c5 g5 16. cxd6 cxd6 17. Nb5 Rf6 18. Qc2 b6 19. Qc7 Qxc7 20. Nxc7 Ra7 21. Nb5 Ra8 22. Kd2 Nc5 23. Nxc5 bxc5 24. a4 Ra5 25. Kd3 Bd7 26. Rhb1 Nc8 27. Be1 Ra6 28. a5 Rf8 29. Na3 Bf6 30. Kc2 Ra7 31. Bb5 Ne7 32. Bxd7 Rxd7 33. Nc4 Ra7 34. Nxd6 Rfa8 35. Nb5 Rd7 36. Bf2 c4 37. Kc3 Nc8 38. Kxc4 Nd6+ 39. Nxd6 Rxd6 40. Rb6 Rxb6 41. Bxb6 Bd8 42. Bxd8 Rxd8 43. a6 Rc8+ 44. Kb5 Rc2 45. a7 1-0


[Site "https://www.chess.com"]

[Event "Titled Tuesday Blitz December 27 Early 2022"]
[White "Sovetbekova, Nurai"]
[Black "Sailer, Mike"]
[WhiteFideId "13801910"]
[BlackFideId "2012901"]
[WhiteElo "1764"]
[BlackElo "2109"]
[Result "0-1"]
[Round "08"]
[TimeControl "180+2"]
[Date "2022.12.27"]
[WhiteClock "0:00:11"]
[BlackClock "0:00:03"]

1. d4 d5 2. c4 Bf5 3. Nf3 e6 4. Nc3 Nc6 5. cxd5 exd5 6. Bf4 Nf6 7. e3 Bb4 8. a3 Bxc3+ 9. bxc3 Ne4 10. Rc1 O-O 11. Bd3 Re8 12. O-O Na5 13. Ne5 c6 14. c4 dxc4 15. Nxc4 Nxc4 16. Bxc4 Qa5 17. Qb3 Nd2 18. Bxf7+ Kh8 19. Qa2 Nxf1 20. Bxe8 Nxe3 21. Qf7 Qd5 22. Bxe3 Qxf7 23. Bxf7 g6 24. d5 Kg7 25. Be6 Bxe6 26. dxe6 Kf6 27. Rb1 b6 28. Rc1 c5 29. Kf1 Kxe6 30. Ke2 Kd5 31. Kd3 Rc8 32. Kc3 b5 33. Rd1+ Kc6 34. Bf4 a5 35. Rd6+ Kb7 36. Rd7+ Kc6 37. Rxh7 b4+ 38. axb4 cxb4+ 39. Kb3 Kb5 40. Rb7+ Ka6 41. Rc7 Rd8 42. Rc6+ Kb5 43. Rxg6 Rd3+ 44. Kc2 Rc3+ 45. Kb2 a4 46. Rg5+ Kc4 47. Bd2 a3+ 48. Kb1 Rd3 49. Rg4+ Kd5 50. Bxb4 Rb3+ 0-1


[Site "https://www.chess.com"]

[Event "Titled Tuesday Blitz December 27 Early 2022"]
[White "Srebrnic, Marko"]
[Black "McCoy, Owen"]
[WhiteFideId "14603616"]
[BlackFideId "30924502"]
[WhiteElo "2366"]
[BlackElo "2085"]
[Result "1-0"]
[Round "08"]
[TimeControl "180+2"]
[Date "2022.12.27"]
[WhiteClock "0:00:11"]
[BlackClock "0:00:02"]

1. e4 c5 2. Nf3 d6 3. d4 cxd4 4. Nxd4 Nf6 5. Nc3 a6 6. Bc4 e6 7. O-O Qc7 8. Bb3 Nc6 9. Kh1 Na5 10. g4 b5 11. g5 Nd7 12. Bxe6 fxe6 13. Nxe6 Qc6 14. Nd5 Ra7 15. Nd4 Qa8 16. Be3 Nc5 17. Qh5+ g6 18. Nf6+ Kd8 19. Qh4 Rf7 20. b4 Nxe4 21. Qxe4 Qxe4+ 22. Nxe4 Bb7 23. f3 Nc4 24. Ne6+ Kd7 25. Bd4 Rg8 26. Nxf8+ Rgxf8 27. Nf6+ Kc7 28. Kg2 Re7 29. Rae1 Rff7 30. Kg3 Na3 31. c3 Nc4 32. f4 Nd2 33. Rxe7+ Rxe7 34. Rf2 Nc4 35. h4 Bc6 36. f5 gxf5 37. h5 Re1 38. Kf4 Rh1 39. Nxh7 Rh4+ 40. Kxf5 Be4+ 41. Kf6 Bxh7 42. h6 Rg4 43. Kg7 Bb1 44. Bf6 Ne3 45. h7 Bxh7 46. Kxh7 Nd5 47. Kg6 Kc6 48. Kf7 Kd7 49. g6 Nf4 50. g7 1-0


[Site "https://www.chess.com"]

[Event "Titled Tuesday Blitz December 27 Early 2022"]
[White "Suleymanli, Suleyman"]
[Black "Zemlyanskii, Ivan"]
[WhiteFideId "13416375"]
[BlackFideId "24249971"]
[WhiteElo "2269"]
[BlackElo "2300"]
[Result "0-1"]
[Round "08"]
[TimeControl "180+2"]
[Date "2022.12.27"]
[WhiteClock "0:00:03"]
[BlackClock "0:00:15"]

1. Nf3 d5 2. g3 Nf6 3. Bg2 c5 4. O-O e6 5. d4 cxd4 6. Nxd4 e5 7. Nf3 Nc6 8. c4 d4 9. e3 Be7 10. exd4 exd4 11. Bf4 Be6 12. Re1 Rc8 13. Ne5 O-O 14. Nd2 Qb6 15. Nb3 Rfd8 16. Rc1 Bb4 17. Rf1 Nxe5 18. Bxe5 Bxc4 19. Bxd4 Qa6 20. Rxc4 Rxc4 21. Qe2 Rcxd4 22. Nxd4 Rxd4 23. Qe5 Rd8 24. Qc7 Ba5 25. Qe7 Qd6 26. Qxb7 Bb6 27. a4 Qd2 28. Bf3 g6 29. b3 Kg7 30. Kg2 Qc3 31. Rd1 Rxd1 32. Bxd1 Qd2 33. Qf3 Nd5 34. Be2 Ne7 35. Bc4 Nf5 36. Kg1 Qc1+ 37. Kg2 Qb2 38. h4 h5 39. Kg1 Qd4 40. Kg2 Nh6 41. Kg1 Qd7 42. Qc3+ Bd4 43. Qd2 Ng4 44. Kg2 Qc6+ 45. f3 Bf6 46. Qf4 Ne5 47. Qc1 Qxf3+ 48. Kh2 Ng4+ 49. Kh3 Be5 50. Qg1 Nf2+ 51. Kh2 Ne4 52. Bd5 Bxg3+ 53. Kh3 Nf2+ 54. Qxf2 Qxf2 55. Bg2 f5 56. b4 f4 57. b5 f3 58. Bxf3 Qh2# 0-1


[Site "https://www.chess.com"]

[Event "Titled Tuesday Blitz December 27 Early 2022"]
[White "Tanenbaum, Zachary"]
[Black "Derjabin, Ilja"]
[WhiteFideId "2060850"]
[BlackFideId "14104768"]
[WhiteElo "2261"]
[BlackElo "2333"]
[Result "1-0"]
[Round "08"]
[TimeControl "180+2"]
[Date "2022.12.27"]
[WhiteClock "0:00:05"]
[BlackClock "0:00:03"]

1. e4 e6 2. d4 d5 3. Nc3 Nf6 4. Bg5 Be7 5. e5 Ne4 6. Nxe4 dxe4 7. Bxe7 Qxe7 8. c3 O-O 9. Qg4 f5 10. exf6 Qxf6 11. Qg3 c5 12. dxc5 Nd7 13. Qe3 Ne5 14. Be2 Bd7 15. Nh3 Bc6 16. O-O Rad8 17. Rad1 Nd3 18. Bxd3 exd3 19. f3 Bb5 20. Rd2 Rd5 21. Rc1 Re5 22. Qf2 Rd8 23. c4 Bc6 24. Rcd1 Qf5 25. Qf1 Rxc5 26. Rxd3 Rxd3 27. Rxd3 h6 28. b3 Re5 29. Nf2 b5 30. Ng4 Rc5 31. b4 Rxc4 32. Ne3 Qf4 33. Nxc4 bxc4 34. Rd8+ Kh7 35. Qb1+ g6 36. Qe1 Bd5 37. Qc3 Qf5 38. Qh8# 1-0


[Site "https://www.chess.com"]

[Event "Titled Tuesday Blitz December 27 Early 2022"]
[White "Tarnowska, Aleksandra"]
[Black "Gatterer, Florian"]
[WhiteFideId "1180967"]
[BlackFideId "811688"]
[WhiteElo "1835"]
[BlackElo "2170"]
[Result "1-0"]
[Round "08"]
[TimeControl "180+2"]
[Date "2022.12.27"]
[WhiteClock "0:00:07"]
[BlackClock "0:00:10"]

1. e4 c5 2. Nf3 e6 3. Nc3 Nc6 4. Bb5 Nd4 5. Nxd4 cxd4 6. Ne2 Nf6 7. e5 Ng4 8. O-O Nxe5 9. Nxd4 Qb6 10. c3 Bc5 11. Qh5 Bxd4 12. cxd4 Qxd4 13. Re1 Ng6 14. Qf3 O-O 15. d3 a6 16. Ba4 Qxa4 17. b3 Qc6 18. Qg4 f5 19. Qg5 Qc3 20. Ba3 Re8 21. Rac1 Qf6 22. Qe3 b5 23. Rc7 a5 24. b4 f4 25. Qe4 Ra6 26. Rec1 axb4 27. Bxb4 f3 28. Rxc8 Ra8 29. Rxa8 Rxa8 30. Qxa8+ Kf7 31. Qxf3 d5 32. Rc7+ Kg8 33. Qxf6 gxf6 34. Be7 Kf7 35. Bd8+ Ke8 36. Bxf6 e5 37. h4 Nf4 38. h5 Nxd3 39. Re7+ Kd8 40. Rxh7+ Kc8 41. h6 e4 42. Re7 Nc5 43. h7 Nd7 44. h8=Q+ 1-0


[Site "https://www.chess.com"]

[Event "Titled Tuesday Blitz December 27 Early 2022"]
[White "Tharushi, T H D Niklesha"]
[Black "Kovacevic, Radmila"]
[WhiteFideId "9918264"]
[BlackFideId "933171"]
[WhiteElo "1570"]
[BlackElo "2106"]
[Result "0-1"]
[Round "08"]
[TimeControl "180+2"]
[Date "2022.12.27"]
[WhiteClock "0:00:40"]
[BlackClock "0:01:45"]

1. e4 e5 2. Nf3 f5 3. Nxe5 Qf6 4. d4 d6 5. Nc4 fxe4 6. Nc3 Qg6 7. g3 Nf6 8. Bg2 Nc6 9. O-O Bg4 10. Qd2 O-O-O 11. Qg5 Nxd4 12. Qxg6 hxg6 13. Ne3 Bf3 14. Bd2 c6 15. a4 d5 16. a5 Bb4 17. Ra4 Bxc3 18. Bxc3 Ne2+ 19. Kh1 d4 20. Bxf3 exf3 21. Bxd4 Rxh2+ 22. Kxh2 Rh8# 0-1


[Site "https://www.chess.com"]

[Event "Titled Tuesday Blitz December 27 Early 2022"]
[White "Tikhonov, Viacheslav"]
[Black "Stork, Oliver"]
[WhiteFideId "44196407"]
[BlackFideId "12955728"]
[WhiteElo "2220"]
[BlackElo "2342"]
[Result "1-0"]
[Round "08"]
[TimeControl "180+2"]
[Date "2022.12.27"]
[WhiteClock "0:01:39"]
[BlackClock "0:00:13"]

1. d4 Nf6 2. c4 c5 3. dxc5 e6 4. g3 Bxc5 5. Bg2 O-O 6. Nf3 Qb6 7. O-O Ne4 8. e3 Nc6 9. Nbd2 f5 10. Nxe4 fxe4 11. Ng5 Ne5 12. Qh5 h6 13. Nxe4 Rf5 14. Qe2 d6 15. b3 Bd7 16. Bb2 Raf8 17. Rad1 Bc6 18. Bxe5 dxe5 19. Nxc5 Qxc5 20. Rd2 Bxg2 21. Kxg2 e4 22. Qg4 Qc6 23. Rd4 Re5 24. Rfd1 Rf7 25. Qg6 Ref5 26. Rd8+ Rf8 27. Rxf8+ Rxf8 28. Rd4 1-0


[Site "https://www.chess.com"]

[Event "Titled Tuesday Blitz December 27 Early 2022"]
[White "Tworuszka, Michal"]
[Black "Rangel, Daniel"]
[WhiteFideId "1117858"]
[BlackFideId "2124475"]
[WhiteElo "2260"]
[BlackElo "2207"]
[Result "0-1"]
[Round "08"]
[TimeControl "180+2"]
[Date "2022.12.27"]
[WhiteClock "0:00:08"]
[BlackClock "0:00:29"]

1. d4 Nf6 2. c4 g6 3. Nc3 Bg7 4. e4 O-O 5. h3 c6 6. Bg5 d5 7. e5 Ne4 8. Nxe4 dxe4 9. Qd2 f6 10. exf6 exf6 11. Be3 f5 12. Ne2 Be6 13. Nf4 Bf7 14. Be2 g5 15. Nh5 f4 16. Nxg7 fxe3 17. Qxe3 Kxg7 18. h4 h6 19. hxg5 Qxg5 20. Qb3 Nd7 21. Rh3 Bg6 22. Qxb7 Rf7 23. Rg3 Qa5+ 24. Kf1 Raf8 25. Qxc6 Nf6 26. Kg1 Qf5 27. Rf1 h5 28. f4 Ng4 29. Bxg4 hxg4 30. Rb3 Qf6 31. Qxf6+ Rxf6 32. d5 Rxf4 33. Rxf4 Rxf4 34. c5 Bf7 35. Rb7 Kf6 36. d6 e3 37. Rb3 e2 38. Re3 Rf1+ 39. Kh2 e1=Q 40. Rxe1 Rxe1 0-1


[Site "https://www.chess.com"]

[Event "Titled Tuesday Blitz December 27 Early 2022"]
[White "Tymrakiewicz, Rafal"]
[Black "Vasques, Antonio Pedro Freixial"]
[WhiteFideId "1108832"]
[BlackFideId "1908332"]
[WhiteElo "2144"]
[BlackElo "2214"]
[Result "1/2-1/2"]
[Round "08"]
[TimeControl "180+2"]
[Date "2022.12.27"]
[WhiteClock "0:00:03"]
[BlackClock "0:00:13"]

1. e4 c5 2. d4 cxd4 3. c3 d3 4. Bxd3 Nc6 5. Be3 Nf6 6. f4 d6 7. h3 e5 8. Nf3 Be7 9. Nbd2 O-O 10. f5 d5 11. g4 dxe4 12. Bxe4 Nd5 13. Qe2 Nf4 14. Bxf4 exf4 15. Nb3 Re8 16. Rd1 Qb6 17. Kf1 a5 18. Qf2 Qxf2+ 19. Kxf2 a4 20. Bxc6 bxc6 21. Nbd4 c5 22. Nb5 Bd8 23. Nd6 Rf8 24. Nxc8 Rxc8 25. Ne5 Bc7 26. Nc4 Rfd8 27. Kf3 Kf8 28. Rhe1 g5 29. Rf1 Kg7 30. Rfe1 Kf6 31. Rf1 Rxd1 32. Rxd1 Rb8 33. Rd7 Bd8 34. Rd6+ Ke7 35. Rc6 Rb7 36. f6+ Ke8 37. Ne5 Rb6 38. Rxb6 Bxb6 39. Nd3 c4 40. Ne5 Bd8 41. Nxc4 Bxf6 42. a3 Kd7 43. Nb6+ Kc6 44. Nxa4 Kb5 45. b3 Be7 46. c4+ Ka5 47. Nc3 Bxa3 48. Nd5 Bb2 49. Ke4 Ka6 50. Kd3 Kb7 51. b4 Kc6 52. Ne7+ Kd7 53. Nf5 Ke6 54. Nd4+ Bxd4 55. Kxd4 f5 56. b5 fxg4 57. hxg4 Kd6 58. c5+ Kc7 59. Ke4 Kb7 60. Kd3 Kc7 61. Kd4 Kb7 62. Ke4 Kc7 63. Kf3 h6 64. Ke4 Kb7 65. Kd3 Kc7 66. Kd4 Kb8 67. Ke4 Kc7 68. Kf3 Kb7 69. Ke4 Kc7 70. Kf3 Kd7 71. Kf2 Kc7 72. Kf3 1/2-1/2


[Site "https://www.chess.com"]

[Event "Titled Tuesday Blitz December 27 Early 2022"]
[White "Viskelis, Darius"]
[Black "Flis, Pawel"]
[WhiteFideId "12800830"]
[BlackFideId "1112864"]
[WhiteElo "2166"]
[BlackElo "1879"]
[Result "1-0"]
[Round "08"]
[TimeControl "180+2"]
[Date "2022.12.27"]
[WhiteClock "0:00:37"]
[BlackClock "0:00:02"]

1. e4 c5 2. d4 cxd4 3. c3 dxc3 4. Bc4 Nc6 5. Nf3 d6 6. Nxc3 Nf6 7. e5 dxe5 8. Qxd8+ Nxd8 9. Nxe5 e6 10. Bb5+ Bd7 11. Bg5 Bxb5 12. Nxb5 Bb4+ 13. Ke2 O-O 14. Bxf6 gxf6 15. Nd7 Rc8 16. Rac1 Nc6 17. Nxf8 Kxf8 18. a3 Be7 19. Rhd1 a6 20. Nd6 Nd4+ 21. Kd3 Rxc1 22. Rxc1 Bxd6 23. Kxd4 Be5+ 24. Kc4 Bxb2 25. Rb1 Bxa3 26. Rxb7 a5 27. Kb5 Bb4 28. Kc6 Be1 29. f3 Bf2 30. Kd6 Bg1 31. h4 Bh2+ 32. Kd7 Be5 33. h5 h6 34. g4 Bf4 35. Ra7 Bd2 36. Ra8+ Kg7 37. Ke8 Be3 38. Rxa5 Bd4 39. Rb5 f5 40. gxf5 exf5 41. Rxf5 Bf6 42. f4 Bh4 43. Rxf7+ Kg8 44. Rb7 Bf6 45. f5 Be5 46. Ke7 Bd4 47. f6 Bc5+ 48. Ke8 Bf8 49. Rb2 1-0


[Site "https://www.chess.com"]

[Event "Titled Tuesday Blitz December 27 Early 2022"]
[White "Warchol, Kamil"]
[Black "Estrada Nieto, Julian"]
[WhiteFideId "21858241"]
[BlackFideId "5101018"]
[WhiteElo "2173"]
[BlackElo "2215"]
[Result "0-1"]
[Round "08"]
[TimeControl "180+2"]
[Date "2022.12.27"]
[WhiteClock "0:00:01"]
[BlackClock "0:00:22"]

1. e4 e5 2. Bc4 Nc6 3. Nc3 Nf6 4. d3 Bc5 5. f4 exf4 6. Bxf4 d6 7. Nf3 Nd4 8. Na4 Nxf3+ 9. Qxf3 Bd4 10. Nc3 c6 11. Be3 Bxe3 12. Qxe3 O-O 13. Bb3 d5 14. Qf2 d4 15. Ne2 c5 16. h3 Be6 17. O-O Nd7 18. Qg3 Qb8 19. Qxb8 Raxb8 20. Nf4 Bxb3 21. axb3 a6 22. Nd5 Rfe8 23. Rf5 f6 24. Rf2 Ne5 25. g4 Rbd8 26. Kg2 Rd6 27. Kg3 h6 28. Nc7 Rc8 29. Nd5 Nc6 30. h4 Re6 31. Raf1 Ne7 32. Nf4 Re5 33. Ne2 b5 34. Ng1 c4 35. Nf3 Rec5 36. Nxd4 cxd3 37. c3 Nc6 38. b4 Re5 39. Nxc6 Rxc6 40. Rd2 Rxe4 41. Rf4 Re2 42. Rxd3 Rxb2 0-1


[Site "https://www.chess.com"]

[Event "Titled Tuesday Blitz December 27 Early 2022"]
[White "White, John S."]
[Black "Vargas Pereda, Jesus Manue"]
[WhiteFideId "2502348"]
[BlackFideId "5115710"]
[WhiteElo "2235"]
[BlackElo "1851"]
[Result "0-1"]
[Round "08"]
[TimeControl "180+2"]
[Date "2022.12.27"]
[WhiteClock "0:00:03"]
[BlackClock "0:00:10"]

1. e4 c5 2. Nf3 Nc6 3. d4 cxd4 4. Nxd4 e5 5. Nb5 a6 6. N5c3 Nf6 7. Bg5 Bb4 8. a3 Qa5 9. Bxf6 gxf6 10. Be2 Nd4 11. O-O Be7 12. Nd5 Rg8 13. Bh5 d6 14. Nbc3 Be6 15. Kh1 Rg5 16. f4 Rg7 17. fxe5 fxe5 18. Nf6+ Bxf6 19. Rxf6 O-O-O 20. b4 Qb6 21. Nd5 Bxd5 22. exd5 Rdg8 23. g3 Qc7 24. c4 Qe7 25. Qf1 Nc2 26. Rc1 Ne3 27. Qf2 Ng4 28. Bxg4+ Rxg4 29. Rxf7 Qg5 30. Rf1 Rxc4 31. Rf8+ Kc7 32. Rxg8 Qxg8 33. Qf7+ Qxf7 34. Rxf7+ Kb6 35. Rxh7 Rc1+ 36. Kg2 Ra1 37. h4 Rxa3 38. h5 Ra2+ 39. Kh3 e4 40. h6 Ra1 41. Kg4 e3 42. Re7 Rh1 43. h7 e2 44. Kg5 e1=Q 45. Rxe1 Rxh7 46. Kg6 Rc7 47. g4 Rc4 48. g5 Rxb4 49. Kf7 Rg4 50. g6 Kc5 51. g7 Rxg7+ 52. Kxg7 b5 53. Rd1 a5 54. Kf6 b4 55. Kf5 b3 56. Ke4 a4 57. Kd3 Kb4 58. Rb1 a3 59. Kd4 a2 60. Ra1 Ka3 61. Kc3 b2 62. Rg1 a1=Q 63. Rxa1+ bxa1=Q+ 64. Kc2 Qe5 65. Kd3 Qxd5+ 66. Ke3 Kb3 67. Kf4 Qe6 68. Kf3 Qe5 69. Kf2 Qe4 70. Kg3 Qf5 0-1


[Site "https://www.chess.com"]

[Event "Titled Tuesday Blitz December 27 Early 2022"]
[White "Xu, Yi"]
[Black "Darini, Pouria"]
[WhiteFideId "8605564"]
[BlackFideId "12502200"]
[WhiteElo "2527"]
[BlackElo "2401"]
[Result "1-0"]
[Round "08"]
[TimeControl "180+2"]
[Date "2022.12.27"]
[WhiteClock "0:00:41"]
[BlackClock "0:00:01"]

1. e4 c5 2. Nf3 Nc6 3. Bb5 e6 4. O-O Nge7 5. Re1 b6 6. c3 a6 7. Bf1 d5 8. exd5 Nxd5 9. d4 cxd4 10. Nxd4 Bb7 11. Nxc6 Bxc6 12. Nd2 Be7 13. a4 O-O 14. Nc4 Qc7 15. Qg4 Rfe8 16. Ne5 Bb7 17. c4 Nf6 18. Qh3 Bb4 19. Re2 Rad8 20. Bg5 Be7 21. Rae1 Bc8 22. Re3 Rd4 23. b3 Red8 24. Bd3 g6 25. Rf3 Nd7 26. Rxf7 1-0


[Site "https://www.chess.com"]

[Event "Titled Tuesday Blitz December 27 Early 2022"]
[White "Yaran, Siar"]
[Black "Lorenzo De La Riva, Lazaro"]
[WhiteFideId "6323006"]
[BlackFideId "2268809"]
[WhiteElo "2288"]
[BlackElo "2404"]
[Result "1-0"]
[Round "08"]
[TimeControl "180+2"]
[Date "2022.12.27"]
[WhiteClock "0:00:30"]
[BlackClock "0:00:15"]

1. d4 Nf6 2. c4 e6 3. Nc3 Bb4 4. e3 O-O 5. Bd3 d5 6. a3 Bd6 7. Nf3 b6 8. e4 dxc4 9. Bxc4 Be7 10. h4 Bb7 11. Bd3 h6 12. Rh3 c5 13. e5 Ne8 14. Rg3 Kh8 15. Bxh6 cxd4 16. Qc1 g6 17. Ne4 Nd7 18. Qf4 Ng7 19. Nfg5 Nh5 20. Nxf7+ Kh7 21. Rxg6 Nxf4 22. Rg7# 1-0


[Site "https://www.chess.com"]

[Event "Titled Tuesday Blitz December 27 Early 2022"]
[White "Zherebtsova, Alexandra"]
[Black "Prieto Aranguren, Alain"]
[WhiteFideId "24129518"]
[BlackFideId "2268906"]
[WhiteElo "2155"]
[BlackElo "2258"]
[Result "1-0"]
[Round "08"]
[TimeControl "180+2"]
[Date "2022.12.27"]
[WhiteClock "0:00:05"]
[BlackClock "0:00:03"]

1. d4 Nf6 2. Nf3 e6 3. c4 d5 4. e3 Nc6 5. Nbd2 Be7 6. a3 O-O 7. Bd3 Re8 8. O-O Bf8 9. b4 e5 10. dxe5 Nxe5 11. Nxe5 Rxe5 12. Bb2 Rg5 13. Nf3 Rh5 14. Qc2 Bg4 15. Ne5 Bd6 16. f4 dxc4 17. Bxc4 Bf5 18. Nxf7 Bxc2 19. Nxd8+ Kh8 20. Nxb7 Ng4 21. Be2 Rh4 22. g3 Nxe3 23. gxh4 Nxf1 24. Rxf1 a5 25. Nxd6 axb4 26. Nf7+ Kg8 27. Bc4 bxa3 28. Ba1 Ra4 29. Ne5+ Kf8 30. Rc1 Bf5 31. Kf2 h6 32. Ke3 a2 33. Rd1 Ra3+ 34. Kf2 Rh3 35. Kg2 Rxh4 36. Rf1 Rh3 37. Bxa2 Ra3 38. Bc4 Be4+ 39. Kg1 Ke7 40. Bd4 Ra4 41. Re1 Kf6 42. Rxe4 Kf5 43. Re1 Kxf4 44. Ng6+ Kf3 45. Bd5+ Kg4 46. Be6+ Kh5 47. Nf4+ Kh4 48. Bf2+ Kg5 49. Nh3+ Kf6 50. Bd7 Ra2 51. Bd4+ Kg6 52. Rf1 c5 53. Bf5+ Kh5 54. Bxc5 g5 55. Bf8 Ra3 56. Nf2 Rg3+ 57. hxg3 g4 58. Bxg4+ 1-0


[Site "https://www.chess.com"]

[Event "Titled Tuesday Blitz December 27 Early 2022"]
[White "Zubritskiy, Artyom"]
[Black "Toncheva, Nadya"]
[WhiteFideId "4181247"]
[BlackFideId "2924056"]
[WhiteElo "2442"]
[BlackElo "2295"]
[Result "1-0"]
[Round "08"]
[TimeControl "180+2"]
[Date "2022.12.27"]
[WhiteClock "0:00:54"]
[BlackClock "0:00:19"]

1. c4 c5 2. g3 Nc6 3. Bg2 g6 4. Nc3 Bg7 5. Nf3 e6 6. O-O Nge7 7. a3 O-O 8. Rb1 d5 9. d3 b6 10. Bd2 Bb7 11. b4 cxb4 12. axb4 dxc4 13. dxc4 Qd7 14. Qb3 Rfd8 15. Rfd1 Qe8 16. Nb5 Rd7 17. Bc3 Rad8 18. Rxd7 Rxd7 19. Bxg7 Kxg7 20. c5 Nf5 21. Qb2+ Kg8 22. e4 Nfe7 23. Nd6 Qa8 24. b5 Na5 25. Nxf7 Kxf7 26. Ne5+ Kg8 27. Nxd7 bxc5 28. Qa2 Qd8 29. Qxe6+ Kh8 30. Qf6+ Kg8 31. Bh3 Nf5 32. Qxd8+ 1-0


[Site "https://www.chess.com"]

[Event "Titled Tuesday Blitz December 27 Early 2022"]
[White "Aghamaliyev, Cemil"]
[Black "Fajdetic, Hrvoje"]
[WhiteFideId "13400215"]
[BlackFideId "14501945"]
[WhiteElo "2482"]
[BlackElo "2151"]
[Result "1-0"]
[Round "09"]
[TimeControl "180+2"]
[Date "2022.12.27"]
[WhiteClock "0:01:16"]
[BlackClock "0:00:01"]

1. d4 e6 2. Nc3 d5 3. e4 dxe4 4. Nxe4 Nd7 5. Nf3 Ngf6 6. Nxf6+ Nxf6 7. c3 Be7 8. Ne5 O-O 9. Bd3 c5 10. dxc5 Qc7 11. Qe2 Qxc5 12. Bf4 b6 13. O-O-O Bb7 14. Kb1 Rad8 15. Rhe1 Rd5 16. c4 Rdd8 17. g4 Kh8 18. g5 Ne8 19. Bc2 Nd6 20. Qh5 Nf5 21. Nxf7+ Rxf7 22. Rxd8+ Bxd8 23. Qxf7 Qe7 24. Qxe7 Nxe7 25. Rxe6 Bc8 26. Re1 Kg8 27. Rd1 Nc6 28. Be4 1-0


[Site "https://www.chess.com"]

[Event "Titled Tuesday Blitz December 27 Early 2022"]
[White "Albertini, Luca"]
[Black "Tikhonov, Viacheslav"]
[WhiteFideId "847038"]
[BlackFideId "44196407"]
[WhiteElo "2084"]
[BlackElo "2220"]
[Result "0-1"]
[Round "09"]
[TimeControl "180+2"]
[Date "2022.12.27"]
[WhiteClock "0:00:13"]
[BlackClock "0:00:11"]

1. e4 c5 2. Nf3 Nc6 3. Bb5 g6 4. d3 Bg7 5. O-O e5 6. Ng5 h6 7. Nf3 Nge7 8. Be3 d6 9. Qd2 g5 10. c3 O-O 11. d4 cxd4 12. cxd4 g4 13. Bxc6 Nxc6 14. Ne1 Qh4 15. d5 Nd4 16. Nc3 f5 17. g3 Qh3 18. f4 gxf3 19. Nxf3 Nxf3+ 20. Rxf3 f4 21. Bf2 Bg4 22. Rd3 f3 23. Be3 f2+ 24. Bxf2 Rf7 25. Rf1 Raf8 26. Nd1 Bxd1 27. Qxd1 h5 28. Qe2 Bh6 29. Rdd1 h4 30. Bxa7 hxg3 31. Rxf7 gxh2+ 32. Qxh2 Qxh2+ 33. Kxh2 Rxf7 34. Rg1+ Kh7 35. Rg2 b5 36. Bf2 Rc7 37. a3 Bf4+ 38. Bg3 Bh6 39. Rf2 Rc1 40. Kg2 Kg6 41. Re2 Bg5 42. Bf2 Rb1 43. Be1 Kf6 44. Bc3 Ke7 45. Rf2 Bf4 46. Kf3 Rh1 47. Rg2 Rh3+ 48. Ke2 Re3+ 49. Kd1 Rxe4 50. Rg7+ Kf6 51. Rb7 Re3 52. Rxb5 Kf5 53. a4 Rg3 54. a5 Rg7 55. a6 Ra7 56. Ra5 Ke4 57. Be1 Be3 58. Ke2 Bc5 59. b4 Bb6 60. Ra4 Kxd5 61. b5 Kc5 62. Rb4 Ba5 63. b6 Bxb6 64. Rxb6 Kxb6 65. Bf2+ Kxa6 66. Kd3 d5 67. Bg3 Re7 68. Bh4 Re6 69. Bd8 Kb5 70. Bc7 Kc5 71. Bb8 e4+ 72. Ke3 Kc4 73. Ba7 Rg6 74. Kf2 Rg4 75. Bb8 Rg8 76. Bc7 Rc8 77. Be5 Kd3 78. Ke1 Rc2 79. Kd1 Re2 80. Bf4 d4 81. Be5 e3 82. Bg3 Rd2+ 83. Ke1 Rg2 0-1


[Site "https://www.chess.com"]

[Event "Titled Tuesday Blitz December 27 Early 2022"]
[White "Alex_Sahakyan2006"]
[Black "Jimenez Almeida, Luis David"]
[BlackFideId "22242244"]
[WhiteElo "2629"]
[BlackElo "2242"]
[Result "1-0"]
[Round "09"]
[TimeControl "180+2"]
[Date "2022.12.27"]
[WhiteClock "0:00:07"]
[BlackClock "0:00:03"]

1. e4 Nf6 2. Nc3 d5 3. e5 d4 4. exf6 dxc3 5. fxg7 cxd2+ 6. Qxd2 Qxd2+ 7. Bxd2 Bxg7 8. O-O-O O-O 9. Nf3 b6 10. Bf4 c5 11. Bd3 Bb7 12. Ng5 h6 13. Bh7+ Kh8 14. Be4 Bxe4 15. Nxe4 Nc6 16. c3 f5 17. Ng3 e5 18. Bd2 Rad8 19. Nh5 Rf7 20. f3 Rfd7 21. Be3 Kh7 22. g4 f4 23. Bf2 Kg6 24. Bh4 Rxd1+ 25. Rxd1 Rxd1+ 26. Kxd1 Bf8 27. Ke2 c4 28. b3 b5 29. Bf2 a5 30. bxc4 bxc4 31. a4 Be7 32. Bb6 Bd8 33. Bc5 Be7 34. Bb6 Bd8 35. Bg1 Kf7 36. Bc5 Be7 37. Bb6 Bd8 38. Bf2 Be7 39. Be1 Kg6 40. Bd2 Bc5 41. Be1 Ne7 42. Bh4 Nd5 43. Kd2 Ba3 44. Bd8 Ne3 45. Bxa5 Nf1+ 46. Ke2 Nxh2 47. Kf2 e4 48. Nxf4+ Kg5 49. Bd8+ Kxf4 50. Bc7+ Kg5 51. Bxh2 Bc5+ 52. Ke2 e3 53. Be5 h5 54. gxh5 Kxh5 55. Bf4 Ba3 56. Bxe3 Kg6 57. a5 Kf5 58. a6 1-0


[Site "https://www.chess.com"]

[Event "Titled Tuesday Blitz December 27 Early 2022"]
[White "Altman, Joshua"]
[Black "Bas Mas, Jose Joaquin"]
[WhiteFideId "426210"]
[BlackFideId "22219064"]
[WhiteElo "2120"]
[BlackElo "2197"]
[Result "1/2-1/2"]
[Round "09"]
[TimeControl "180+2"]
[Date "2022.12.27"]
[WhiteClock "0:00:09"]
[BlackClock "0:00:04"]

1. d4 f5 2. Nc3 Nf6 3. Bg5 d5 4. Bxf6 exf6 5. e3 Nc6 6. a3 Be6 7. Bd3 Qd7 8. Nge2 O-O-O 9. Na4 Kb8 10. b4 g5 11. O-O h5 12. Qd2 h4 13. Rfb1 Bd6 14. Nc5 Qf7 15. Rc1 Ne7 16. Nxe6 Qxe6 17. c4 dxc4 18. Bxc4 Qd7 19. Qa2 h3 20. Be6 Qe8 21. g3 Qh5 22. Kf1 Qf3 23. Ke1 Qh1+ 24. Kd2 Qxh2 25. Rh1 Qxf2 26. Raf1 Qg2 27. Qc4 Qe4 28. Nc3 Qc6 29. Qxc6 Nxc6 30. Bxf5 Bxg3 31. Rxh3 Rxh3 32. Bxh3 Rh8 33. Rxf6 a6 34. Bd7 Ne7 35. Ne4 Rh2+ 36. Kd3 Be1 37. Rf8+ Ka7 38. Re8 Nd5 39. Nc5 Rd2+ 40. Ke4 Nf6+ 41. Kf5 Nxe8 42. Bxe8 b6 43. Ne6 Re2 44. Nxc7 Rxe3 45. Ne6 Re2 46. d5 g4 47. Kxg4 Re3 48. Kf5 Bg3 49. Nd8 Rxa3 50. Nc6+ Kb7 51. Ke6 Re3+ 52. Kd7 a5 53. Nd8+ Kb8 54. Ne6 axb4 55. Bg6 b3 56. Nd4 b2 57. Nc6+ Kb7 58. Nb4 Rb3 59. Nc6 b1=Q 60. Bxb1 Rxb1 61. d6 Rc1 62. Nd8+ Kb8 63. Nc6+ Rxc6 64. Kxc6 Bf2 65. d7 Bh4 66. Kxb6 Bd8+ 67. Kc6 Bc7 68. Kd5 Kb7 69. Ke6 Kc6 70. Kf7 Kxd7 1/2-1/2


[Site "https://www.chess.com"]

[Event "Titled Tuesday Blitz December 27 Early 2022"]
[White "Ambartsumova, Karina"]
[Black "Galchenko, Matvey"]
[WhiteFideId "4166299"]
[BlackFideId "24175480"]
[WhiteElo "2393"]
[BlackElo "2438"]
[Result "0-1"]
[Round "09"]
[TimeControl "180+2"]
[Date "2022.12.27"]
[WhiteClock "0:00:33"]
[BlackClock "0:00:08"]

1. Nf3 c5 2. c4 g6 3. d4 cxd4 4. Nxd4 Bg7 5. e4 Nc6 6. Nc2 d6 7. Be2 Be6 8. O-O Na5 9. Nd4 Bd7 10. Nc3 Rc8 11. b3 a6 12. Bb2 Nf6 13. Rc1 O-O 14. Re1 Nc6 15. Bf1 Nxd4 16. Qxd4 Ng4 17. Qd2 Bh6 18. Qd4 e5 19. Qxd6 Qh4 20. h3 Qxf2+ 21. Kh1 Qxb2 22. Qxd7 Nf2+ 23. Kg1 Bxc1 24. Na4 Nxh3+ 25. gxh3 Qd2 26. Qxd2 Bxd2 27. Rd1 Rfd8 28. Kg2 Bb4 29. Bd3 Rd6 30. Kf3 Rcd8 31. Ke2 f5 32. exf5 e4 33. Bc2 Rd2+ 34. Ke3 Rxd1 0-1


[Site "https://www.chess.com"]